 Dungeon Crawl Stone Soup version 0.26.1-11-gd32895ea62 (webtiles) character file.

Game seed: 4856166922368082976

112 nomophobia the Bolt Thrower (level 5, 0/32 HPs)
             Began as a Kobold Hunter on May 18, 2021.
             Slain by Grinder (2 damage)
             ... on level 3 of the Dungeon.
             The game lasted 00:30:32 (2804 turns).

nomophobia the Bolt Thrower (Kobold Hunter)         Turns: 2804, Time: 00:30:33

Health: 0/32       AC:  5    Str:  9    XL:     5   Next: 16%
Magic:  5/5        EV: 15    Int: 13    God:
Gold:   146        SH:  0    Dex: 16    Spells: 4/4 levels left

rFire    . . .     SeeInvis .   b - +0 short sword
rCold    . . .     Faith    .   (shield restricted)
rNeg     + . .     Spirit   .   c - +1 leather armour
rPois    .         Reflect  .   (no helmet)
rElec    .         Harm     .   f - +0 cloak
rCorr    .         Rampage  .   (no gloves)
Will     .....                  (no boots)
Stlth    +++.......             (no amulet)
HPRegen  0.10/turn              n - ring of positive energy
MPRegen  0.09/turn              (no ring)

@: no status effects
A: small, nightstalker 3
a: no special abilities


You were on level 3 of the Dungeon.
You visited 1 branch of the dungeon, and saw 3 of its levels.

You collected 146 gold pieces.

Inventory:

Hand Weapons
 a - a +1 hand crossbow
 b - a +0 short sword (weapon)
Missiles
 d - 46 bolts
Armour
 c - a +1 leather armour (worn)
 f - a +0 cloak (worn)
Jewellery
 n - a ring of positive energy (left hand)
Scrolls
 e - 6 scrolls of identify
 g - a scroll of teleportation
 k - a scroll of enchant weapon {unknown}
 l - a scroll of blinking
 m - a scroll of remove curse
 p - a scroll of noise {unknown}
Potions
 h - 2 potions of curing
 i - a potion of brilliance {unknown}
 j - a potion of attraction {unknown}
 o - 2 potions of mutation {unknown}
 q - a potion of degeneration {unknown}


   Skills:
 + Level 2.9 Fighting
 * Level 3.2 Short Blades
 - Level 4.8 Crossbows
 + Level 3.2 Dodging
 * Level 3.9 Stealth


You had 4 spell levels left.
You didn't know any spells.
Your spell library was empty.

Dungeon Overview and Level Annotations

Branches:
Dungeon (3/15)

Altars:

Annotations:
D:3 Grinder


Innate Abilities, Weirdness & Mutations

You are small and have problems with some larger weapons.
You are completely attuned to the shadows.


Message History

* * * LOW HITPOINT WARNING * * *
You writhe in agony.
* * * LOW HITPOINT WARNING * * *
You feel better. Grinder hits you.
* * * LOW HITPOINT WARNING * * *
You writhe in agony.
* * * LOW HITPOINT WARNING * * *
You hit Grinder but do no damage.
Grinder is moderately wounded.
Grinder closely misses you.
You hit Grinder.
Grinder is moderately wounded.
Grinder blinks!
You see here a giant cockroach corpse.
You hit Grinder.
Grinder is moderately wounded.
Grinder hits you.
* * * LOW HITPOINT WARNING * * *
You writhe in agony.
You die...

#......
#.#.†#.
#......
#.##...
#......r
#.##...
##.......
#.#....
#........
#.#.#..
#........
#.#.#..
#........
#.#.##.
#.5†.....
###.#....
#.@......
#...###..
#........
#.#####..
#..((....
#....)#..
#.#.....
#####.#..
#.....# #.)..
.# #####
##.########...
...#........##
#######†#
#........##


You could see Grinder.

Vanquished Creatures
  3 gnolls (D:3)
  3 adders (D:3)
  2 worms (D:2)
  A dart slug (D:3)
  A leopard gecko (D:3)
  A ball python (D:1)
  6 bats
  4 giant cockroaches
  4 goblins
  6 hobgoblins
  6 jackals
  6 kobolds
  2 frilled lizards (D:2)
  2 rats
47 creatures vanquished.

Notes
Turn   | Place    | Note
-------+----------+-------------------------------------------
     0 | D:1      | nomophobia the Kobold Hunter began the quest for the Orb.
     0 | D:1      | Reached XP level 1. HP: 12/12 MP: 1/1
   229 | D:1      | Reached skill level 1 in Short Blades
   229 | D:1      | Reached XP level 2. HP: 17/17 MP: 2/2
  1247 | D:2      | Reached XP level 3. HP: 22/22 MP: 3/3
  2105 | D:3      | Reached XP level 4. HP: 27/27 MP: 4/4
  2305 | D:3      | Reached XP level 5. HP: 14/32 MP: 5/5
  2712 | D:3      | Noticed Grinder
  2728 | D:3      | HP: 1/32 [Grinder (2)]
  2804 | D:3      | Slain by Grinder

Illustrated notes

Levels and vault maps discovered:
D:1:      nzn_arrival_crosshair, layout_basic, minmay_misc_feat_tiny
D:2:      layout_basic, eino_tiny_chamber
D:3:      layout_basic, uniq_grinder, uniq_crazy_yiuf_cottage

Skill      XL: |  1  2  3  4 |
---------------+-------------+-----
Stealth        | 2 3 |  3.9
Short Blades   | 1 2 3 |  3.2
Dodging        | 3 |  3.2
Fighting       | |  2.9
Crossbows      | |  4.8

Action                   |  1- 3 |  4- 6 || total
-------------------------+-------+-------++-------
Melee: Short sword       |    35 |    52 ||    87
 Fire: Hand crossbow     |    40 |    15 ||    55
  Use: Scroll            |     8 |     1 ||     9
       Potion            |       |     2 ||     2
 Stab: Distracted        |     1 |       ||     1
Armor: Leather armour    |    10 |     6 ||    16
Dodge: Dodged            |    22 |    42 ||    64
